[ AOE2 MATCH · #507358330 ]
UnrankedChinese vs Tatars
Player's team · WIN
Rival team · LOSS
[ REPLAY ANALYSIS · EXTRACTED FROM THE RECORDED GAME ]
Feudal
9:38
Castle
21:41
Imperial
39:25
| APM avg | 50.1 |
| APM peak | 84 |
| eAPM avg | 27.7 |
| Villagers / military | 149 / 117 |
Focus
⚔️ 47.5% · 🌾 52.5%
Archer ×51 · Fire Lancer ×27 · Knight ×13 · Scout Cavalry ×11 · Spearman ×6 · Iron Pagoda ×4
Feudal
12:18
Castle
19:26
Imperial
43:09
| APM avg | 60.1 |
| APM peak | 100 |
| eAPM avg | 27.8 |
| Villagers / military | 132 / 93 |
Focus
⚔️ 37.0% · 🌾 63.0%
Keshik ×41 · Cavalry Archer ×21 · Archer ×11 · Knight ×5 · Mangonel ×5 · Militia ×4
Match map
Initial resources + every placement click. Lines = walls · curves = elevation contours. ◆ gold · ⬟ stone · ● berries · ✦ relic · ◌ wall gap
Your base· ✓ Closed at 21:41 · 49t walls · 1 gate(s)
Shrubbles's base· ✓ Closed at 19:26 · 58t walls · 2 gate(s)
Smoothed initial terrain · ◌ = detected wall gap · hover for details
Inputs per minute
— DGHIR | Lukera - - Shrubbles
Build order — DGHIR | Lukera
First 150 of 434 actions detected
| 0:03 | Research | Loom |
| 0:44 | Queue | Villager (Male) |
| 1:10 | Queue | Villager (Male) |
| 1:39 | Queue | Villager (Male) |
| 1:42 | Build | Lumber Camp |
| 1:59 | Queue | Villager (Male) |
| 2:20 | Queue | Villager (Male) |
| 2:50 | Queue | Villager (Male) |
| 3:10 | Queue | Villager (Male) |
| 3:28 | Build | House |
| 3:29 | Build | House |
| 3:44 | Queue | Villager (Male) |
| 4:15 | Queue | Villager (Male) |
| 4:27 | Build | Palisade Wall |
| 4:28 | Build | Palisade Wall |
| 4:42 | Queue | Villager (Male) |
| 4:43 | Queue | Villager (Male) |
| 5:07 | Queue | Villager (Male) |
| 5:33 | Build | Mill |
| 5:51 | Queue | Villager (Male) |
| 6:26 | Queue | Villager (Male) |
| 7:00 | Queue | Villager (Male) |
| 7:18 | Build | Palisade Gate |
| 7:28 | Research | Feudal Age |
| 8:15 | Build | Barracks |
| 8:16 | Queue | Villager (Male) |
| 8:48 | Build | House |
| 9:10 | Build | Palisade Wall |
| 9:34 | Build | Palisade Wall |
| 9:38 | Age | Feudal Age |
| 9:54 | Build | Stable |
| 9:55 | Queue | Villager (Male) |
| 10:01 | Queue | Villager (Male) |
| 10:06 | Queue | Villager (Male) |
| 10:09 | Queue | Spearman |
| 10:12 | Research | Double-Bit Axe |
| 10:23 | Build | Archery Range |
| 10:24 | Queue | Villager (Male) |
| 10:26 | Queue | Villager (Male) |
| 10:55 | Queue | Villager (Male) |
| 11:00 | Build | Farm |
| 11:01 | Build | Farm |
| 11:02 | Build | Farm |
| 11:09 | Queue | Scout Cavalry |
| 11:14 | Queue | Villager (Male) |
| 11:19 | Build | House |
| 11:23 | Queue | Archer |
| 11:26 | Queue | Villager (Male) |
| 11:29 | Build | Farm |
| 11:34 | Build | House |
| 11:43 | Build | Palisade Wall |
| 11:48 | Build | Palisade Wall |
| 11:56 | Build | House |
| 11:58 | Queue | Villager (Male) |
| 11:59 | Build | Palisade Wall |
| 12:08 | Queue | Villager (Male) |
| 12:10 | Queue | Skirmisher |
| 12:16 | Build | Mining Camp |
| 12:28 | Queue | Scout Cavalry |
| 12:32 | Queue | Villager (Male) |
| 12:37 | Build | Palisade Wall |
| 12:39 | Build | Palisade Wall |
| 12:40 | Build | Palisade Wall |
| 12:51 | Build | Farm |
| 13:03 | Queue | Villager (Male) |
| 13:06 | Build | Lumber Camp |
| 13:08 | Research | Horse Collar |
| 13:08 | Research | Horse Collar |
| 13:09 | Queue | Villager (Male) |
| 13:34 | Build | Farm |
| 13:43 | Queue | Villager (Male) |
| 13:45 | Build | Farm |
| 13:49 | Queue | Villager (Male) |
| 13:55 | Build | House |
| 14:04 | Queue | Archer |
| 14:06 | Queue | Archer |
| 14:16 | Queue | Archer |
| 14:20 | Queue | Villager (Male) |
| 14:25 | Build | House |
| 14:26 | Build | Palisade Wall |
| 14:32 | Queue | Archer |
| 14:32 | Queue | Archer |
| 14:36 | Queue | Villager (Male) |
| 14:52 | Queue | Villager (Male) |
| 14:53 | Queue | Archer |
| 14:55 | Build | Farm |
| 15:08 | Build | Farm |
| 15:16 | Queue | Villager (Male) |
| 15:25 | Build | Palisade Wall |
| 15:29 | Build | Farm |
| 15:31 | Queue | Villager (Male) |
| 15:44 | Queue | Archer |
| 15:44 | Queue | Archer |
| 15:51 | Queue | Villager (Male) |
| 15:53 | Build | Palisade Wall |
| 15:54 | Build | Palisade Wall |
| 15:55 | Build | Palisade Wall |
| 16:11 | Queue | Villager (Male) |
| 16:23 | Build | Blacksmith |
| 16:26 | Queue | Villager (Male) |
| 16:27 | Build | Farm |
| 16:32 | Queue | Archer |
| 16:38 | Queue | Villager (Male) |
| 16:47 | Queue | Villager (Male) |
| 16:55 | Queue | Villager (Male) |
| 17:02 | Build | Market |
| 17:06 | Queue | Villager (Male) |
| 17:09 | Queue | Archer |
| 17:13 | Build | House |
| 17:15 | Build | Palisade Wall |
| 17:21 | Queue | Villager (Male) |
| 17:33 | Build | Farm |
| 17:33 | Build | Farm |
| 17:34 | Queue | Villager (Male) |
| 18:21 | Queue | Villager (Male) |
| 18:23 | Build | Farm |
| 18:24 | Build | Farm |
| 19:01 | Research | Castle Age |
| 19:07 | Build | House |
| 19:28 | Research | Fletching |
| 19:49 | Queue | Scout Cavalry |
| 19:53 | Queue | Villager (Male) |
| 20:22 | Research | Padded Archer Armor |
| 20:26 | Queue | Villager (Male) |
| 20:31 | Queue | Scout Cavalry |
| 20:43 | Build | Farm |
| 20:43 | Build | Farm |
| 20:52 | Queue | Villager (Male) |
| 20:58 | Queue | Archer |
| 20:58 | Queue | Archer |
| 21:05 | Build | Archery Range |
| 21:30 | Build | House |
| 21:41 | Age | Castle Age |
| 21:47 | Research | Bodkin Arrow |
| 21:48 | Research | Crossbowman (upgrade) |
| 21:49 | Queue | Knight |
| 22:02 | Research | Bow Saw |
| 22:03 | Queue | Villager (Male) |
| 22:49 | Queue | Villager (Male) |
| 22:50 | Queue | Archer |
| 22:50 | Queue | Archer |
| 22:54 | Build | Siege Workshop |
| 22:55 | Queue | Villager (Male) |
| 23:04 | Build | Town Center |
| 23:05 | Queue | Villager (Male) |
| 23:11 | Build | Town Center |
| 23:12 | Queue | Archer |
| 23:12 | Queue | Archer |
| 23:12 | Queue | Archer |
| 23:18 | Queue | Villager (Male) |
Build order — Shrubbles
First 150 of 430 actions detected
| 0:01 | Queue | Villager (Male) |
| 0:02 | Build | House |
| 0:03 | Build | House |
| 0:11 | Queue | Villager (Male) |
| 0:11 | Queue | Villager (Male) |
| 0:11 | Queue | Villager (Male) |
| 1:30 | Queue | Villager (Male) |
| 2:00 | Queue | Villager (Male) |
| 2:09 | Build | Lumber Camp |
| 2:17 | Queue | Villager (Male) |
| 2:38 | Queue | Villager (Male) |
| 3:03 | Queue | Villager (Male) |
| 3:15 | Queue | Villager (Male) |
| 3:21 | Build | House |
| 4:08 | Queue | Villager (Male) |
| 4:18 | Queue | Villager (Male) |
| 5:00 | Queue | Villager (Male) |
| 5:16 | Build | Barracks |
| 5:21 | Queue | Villager (Male) |
| 5:44 | Queue | Villager (Male) |
| 5:54 | Queue | Villager (Male) |
| 6:01 | Queue | Militia |
| 6:03 | Queue | Militia |
| 6:06 | Queue | Militia |
| 6:15 | Build | House |
| 6:18 | Build | House |
| 6:23 | Research | Loom |
| 6:35 | Queue | Villager (Male) |
| 6:44 | Build | House |
| 6:58 | Queue | Villager (Male) |
| 7:15 | Queue | Militia |
| 7:17 | Queue | Villager (Male) |
| 7:27 | Queue | Villager (Male) |
| 7:38 | Queue | Villager (Male) |
| 7:41 | Build | Mill |
| 7:55 | Queue | Villager (Male) |
| 8:19 | Build | Mill |
| 8:27 | Queue | Villager (Male) |
| 9:08 | Queue | Villager (Male) |
| 9:30 | Queue | Villager (Male) |
| 9:34 | Queue | Villager (Male) |
| 9:44 | Queue | Villager (Male) |
| 9:57 | Research | Feudal Age |
| 10:08 | Build | House |
| 10:08 | Build | House |
| 10:11 | Build | Palisade Wall |
| 10:14 | Build | Palisade Gate |
| 10:28 | Build | Palisade Wall |
| 10:42 | Build | Palisade Wall |
| 11:03 | Build | Mining Camp |
| 11:09 | Queue | Villager (Male) |
| 11:14 | Build | Farm |
| 11:16 | Build | Farm |
| 11:27 | Queue | Villager (Male) |
| 12:01 | Build | Lumber Camp |
| 12:02 | Queue | Villager (Male) |
| 12:18 | Age | Feudal Age |
| 12:45 | Research | Double-Bit Axe |
| 12:47 | Queue | Villager (Male) |
| 12:57 | Queue | Spearman |
| 13:05 | Build | Blacksmith |
| 13:15 | Build | House |
| 13:24 | Research | Man-at-Arms (upgrade) |
| 13:29 | Queue | Villager (Male) |
| 13:36 | Build | Farm |
| 13:42 | Build | Farm |
| 13:48 | Build | Palisade Wall |
| 13:51 | Build | Palisade Wall |
| 13:55 | Build | Palisade Wall |
| 14:19 | Queue | Villager (Male) |
| 14:25 | Build | Stable |
| 14:38 | Build | Farm |
| 14:49 | Queue | Villager (Male) |
| 14:51 | Build | Farm |
| 14:55 | Build | Farm |
| 14:56 | Build | Farm |
| 14:59 | Build | House |
| 15:12 | Queue | Villager (Male) |
| 15:24 | Build | Farm |
| 15:31 | Build | Farm |
| 15:35 | Build | Farm |
| 15:39 | Build | House |
| 15:45 | Build | House |
| 15:50 | Queue | Villager (Male) |
| 15:52 | Build | Farm |
| 15:59 | Queue | Villager (Male) |
| 16:13 | Build | House |
| 16:18 | Build | House |
| 16:26 | Build | Archery Range |
| 16:46 | Research | Castle Age |
| 16:47 | Research | Castle Age |
| 16:55 | Build | Watch Tower |
| 17:00 | Build | Mining Camp |
| 17:06 | Build | House |
| 17:08 | Build | House |
| 17:22 | Research | Gold Mining |
| 17:47 | Build | House |
| 18:18 | Queue | Archer |
| 18:43 | Build | Palisade Wall |
| 19:02 | Build | Palisade Gate |
| 19:07 | Queue | Archer |
| 19:07 | Queue | Archer |
| 19:08 | Queue | Villager (Male) |
| 19:16 | Research | Fletching |
| 19:17 | Queue | Villager (Male) |
| 19:26 | Queue | Archer |
| 19:26 | Age | Castle Age |
| 19:31 | Build | Town Center |
| 19:34 | Queue | Villager (Male) |
| 19:37 | Queue | Villager (Male) |
| 19:42 | Build | Siege Workshop |
| 19:48 | Queue | Villager (Male) |
| 19:51 | Research | Bow Saw |
| 19:51 | Research | Bow Saw |
| 19:58 | Queue | Villager (Male) |
| 20:04 | Research | Bodkin Arrow |
| 20:11 | Queue | Archer |
| 20:14 | Queue | Archer |
| 20:19 | Build | Palisade Gate |
| 20:23 | Queue | Villager (Male) |
| 20:28 | Queue | Knight |
| 20:38 | Queue | Villager (Male) |
| 20:56 | Queue | Battering Ram |
| 21:07 | Build | Outpost |
| 21:11 | Queue | Villager (Male) |
| 21:13 | Queue | Archer |
| 21:18 | Build | House |
| 21:21 | Queue | Villager (Male) |
| 21:24 | Queue | Villager (Male) |
| 21:31 | Queue | Archer |
| 21:35 | Queue | Villager (Male) |
| 21:44 | Queue | Villager (Male) |
| 21:54 | Queue | Villager (Male) |
| 22:00 | Queue | Scorpion |
| 22:02 | Queue | Villager (Male) |
| 22:05 | Queue | Archer |
| 22:06 | Queue | Archer |
| 22:12 | Queue | Villager (Male) |
| 22:28 | Queue | Villager (Male) |
| 22:43 | Queue | Villager (Male) |
| 22:48 | Queue | Villager (Male) |
| 22:57 | Queue | Villager (Male) |
| 23:02 | Build | Town Center |
| 23:07 | Build | Farm |
| 23:12 | Queue | Villager (Male) |
| 23:24 | Build | House |
| 23:29 | Queue | Villager (Male) |
| 23:32 | Queue | Villager (Male) |
| 23:41 | Build | House |
| 23:47 | Queue | Villager (Male) |
Match timeline
| 4:27 | DGHIR | Lukera · wall_segment Palisade Wall x3 |
| 4:28 | DGHIR | Lukera · wall_segment Palisade Wall x1 |
| 5:16 | Shrubbles · first_building Barracks |
| 8:15 | DGHIR | Lukera · first_building Barracks |
| 9:10 | DGHIR | Lukera · wall_segment Palisade Wall x8 |
| 9:34 | DGHIR | Lukera · wall_segment Palisade Wall x4 |
| 9:38 | DGHIR | Lukera · age_up feudal |
| 9:54 | DGHIR | Lukera · first_building Stable |
| 10:11 | Shrubbles · wall_segment Palisade Wall x19 |
| 10:23 | DGHIR | Lukera · first_building Archery Range |
| 10:28 | Shrubbles · wall_segment Palisade Wall x8 |
| 10:42 | Shrubbles · wall_segment Palisade Wall x14 |
| 11:43 | DGHIR | Lukera · wall_segment Palisade Wall x1 |
| 11:48 | DGHIR | Lukera · wall_segment Palisade Wall x1 |
| 11:59 | DGHIR | Lukera · wall_segment Palisade Wall x1 |
| 12:18 | Shrubbles · age_up feudal |
| 12:37 | DGHIR | Lukera · wall_segment Palisade Wall x1 |
| 12:39 | DGHIR | Lukera · wall_segment Palisade Wall x1 |
| 12:40 | DGHIR | Lukera · wall_segment Palisade Wall x1 |
| 13:48 | Shrubbles · wall_segment Palisade Wall x7 |
| 13:51 | Shrubbles · wall_segment Palisade Wall x7 |
| 13:55 | Shrubbles · wall_segment Palisade Wall x3 |
| 14:25 | Shrubbles · first_building Stable |
| 14:26 | DGHIR | Lukera · wall_segment Palisade Wall x19 |
| 15:25 | DGHIR | Lukera · wall_segment Palisade Wall x1 |
| 15:53 | DGHIR | Lukera · wall_segment Palisade Wall x1 |
| 15:54 | DGHIR | Lukera · wall_segment Palisade Wall x1 |
| 15:55 | DGHIR | Lukera · wall_segment Palisade Wall x1 |
| 16:26 | Shrubbles · first_building Archery Range |
| 17:15 | DGHIR | Lukera · wall_segment Palisade Wall x5 |
| 18:43 | Shrubbles · wall_segment Palisade Wall x1 |
| 18:52 | DGHIR | Lukera · first_market_buy 100 food |
| 19:00 | DGHIR | Lukera · first_market_sell 100 food |
| 19:26 | Shrubbles · age_up castle |
| 19:42 | Shrubbles · first_building Siege Workshop |
| 21:41 | DGHIR | Lukera · age_up castle |
| 22:54 | DGHIR | Lukera · first_building Siege Workshop |
| 25:34 | Shrubbles · first_building Monastery |
| 26:15 | Shrubbles · wall_segment Stone Wall x2 |
| 26:59 | Shrubbles · first_market_buy 100 wood |
| 28:47 | Shrubbles · first_building Castle |
| 33:53 | DGHIR | Lukera · first_building Monastery |
| 36:46 | Shrubbles · wall_segment Palisade Wall x1 |
| 37:22 | DGHIR | Lukera · first_building Castle |
| 37:50 | Shrubbles · wall_segment Stone Wall x16 |
| 37:54 | Shrubbles · wall_segment Stone Wall x10 |
| 38:05 | Shrubbles · wall_segment Stone Wall x8 |
| 38:06 | Shrubbles · wall_segment Stone Wall x9 |
| 39:17 | DGHIR | Lukera · wall_segment Palisade Wall x1 |
| 39:19 | DGHIR | Lukera · wall_segment Palisade Wall x4 |
| 39:21 | DGHIR | Lukera · wall_segment Palisade Wall x1 |
| 39:25 | DGHIR | Lukera · age_up imperial |
| 39:43 | Shrubbles · first_market_sell 100 wood |
| 42:59 | DGHIR | Lukera · wall_segment Stone Wall x8 |
| 43:08 | DGHIR | Lukera · wall_segment Stone Wall x3 |
| 43:09 | Shrubbles · age_up imperial |
| 43:45 | Shrubbles · resign |
[ AI ANALYSIS · 1 CREDIT ]
What really happened in this match?
Wolo.gg analyzes every decision: build order, eco, micro, common mistakes by bracket. Personalized analysis on WhatsApp or Discord in 30 seconds.
Civ guide
Chinese
Perfil
Jugador #5124028